 Dungeon Crawl Stone Soup version 0.26-a0-30-g56b8cd3df0 (webtiles) character file.

Game seed: 2518806981872535041, levelgen mode: deterministic

5295 Kidiri the Grappler (level 10, -7/92 HPs)
             Began as a Troll Monk on May 31, 2020.
             Was an Elder of the Shining One.
             Mangled by a wight
             ... wielding a cursed +4 spear
              (11 damage)
             ... on level 9 of the Dungeon.
             The game lasted 00:15:50 (6614 turns).

Kidiri the Grappler (Troll Monk)                    Turns: 6614, Time: 00:15:51

Health: -7/92      AC:  6    Str: 21    XL:     10   Next: 37%
Magic:  9/9        EV: 17    Int:  6    God:    the Shining One [****..]
Gold:   636        SH:  0    Dex: 15    Spells: 9/9 levels left

rFire    . . .     SeeInvis .     - Unarmed
rCold    . . .     Gourm    +   (no shield)
rNeg     + + .     Faith    .   a - +0 robe
rPois    .         Spirit   .   (helmet restricted)
rElec    .         Reflect  .   (no cloak)
rCorr    .         Harm     .   (gloves unavailable)
MR       .....                  (boots unavailable)
Stlth    +.........             (no amulet)
HPRegen  0.65/turn              g - +4 ring of evasion
MPRegen  0.11/turn              (no ring)

@: lethally poisoned (-7 -> -7), about to teleport, marked, glowing
A: large, unfitting armour, claws 3, fast metabolism 3, gourmand, regeneration
1, shaggy fur 1, tough skin 3
a: Divine Shield, Cleansing Flame, Renounce Religion


You were on level 9 of the Dungeon.
You worshipped the Shining One.
The Shining One was greatly pleased with you.
You were very full.

You visited 2 branches of the dungeon, and saw 10 of its levels.
You also visited: Ossuary.

You collected 636 gold pieces.

Inventory:

Armour
 a - a +0 robe (worn)
Jewellery
 g - a +4 ring of evasion (left claw)
Wands
 k - a wand of polymorph (9)
 u - a wand of flame (15)
 w - a wand of enslavement (7)
Scrolls
 o - 2 scrolls of enchant weapon {unknown}
 p - a scroll of remove curse
 s - 2 scrolls of fog {unknown}
 v - a scroll of summoning {unknown}
Potions
 c - 3 potions of cancellation
 d - a potion of resistance
 e - 2 potions of berserk rage {unknown}
 f - a potion of brilliance
 h - 4 potions of might {unknown}
 i - 4 potions of curing
 l - a potion of magic {unknown}
 m - 2 potions of stabbing {unknown}
 q - a potion of degeneration {unknown}
 r - a potion of lignification {unknown}
 t - a potion of flight {unknown}
Comestibles
 b - 8 rations


   Skills:
 + Level 4.1 Fighting
 + Level 6.0 Dodging
 + Level 2.9 Stealth
 + Level 12.6 Unarmed Combat
 + Level 0.6 Invocations


You had 9 spell levels left.
You didn't know any spells.
Your spell library was empty.

Dungeon Overview and Level Annotations

Branches:
Dungeon (9/15)             Temple (1/1) D:5         Ossuary (visited)
   Lair: D:8-11         Orc: D:9-12

Altars:
Ashenzari
Cheibriados
Dithmenos
Elyvilon
Fedhas
Gozag
Kikubaaqudgha
Makhleb
Nemelex Xobeh
Okawaru
Qazlal
Sif Muna
Trog
Uskayaw
Vehumet
Wu Jian
Xom
Yredelemnul
Zin
The Shining One

Shops:
D:7 (

Annotations:
D:9 Grum, Psyche


Innate Abilities, Weirdness & Mutations

You are too large for most types of armour.
You have claws for hands.
Your metabolism is lightning-fast.
You like to eat raw meat.
Your natural rate of healing is unusually fast.
You are covered in fur. (AC +1)
You have extremely tough skin. (AC +3)


Message History

The wight hits you from afar with a cursed +4 spear!
You claw the wolf!
You kill the wolf!
Your life force feels restored.
Your Dodging skill increases to level 6!
Grum hits you from afar with a +0 glaive!
* * * LOW HITPOINT WARNING * * *
The killer bee stings you.
* * * LOW HITPOINT WARNING * * *
The killer bee stings you.
* * * LOW HITPOINT WARNING * * *
You are poisoned.
The killer bee poisons you!
The bullfrog hits you but does no damage.
A crimson imp comes into view.
Unknown command.
You barely miss the killer bee.
You feel sick.
The phantom blinks!
The bullfrog completely misses you.
The wight hits you from afar with a cursed +4 spear!
You die...

................
..........[.......
.............g...
...............#
#..5....W.....#
#@y #......#


#yz #.<...## #yO###z.#### #.y@.§5## #Wz†Fg.# ######## You could see a two-headed
ogre, Psyche (fast), Grum, a phantom, a bullfrog, 4 killer bees, 3 wights, a
quasit and a crimson imp.

Vanquished Creatures
  2 two-headed ogres (D:8)
  Prince Ribbit (D:6)
  Grinder (D:4)
  A hungry ghost (D:7)
  Menkaure (D:6)
  3 ice beasts
  4 orc warriors
  A sky beast (D:8)
  2 wolves (D:9)
  4 ogres
  A centaur (D:6)
  2 big kobolds
  4 bullfrogs
  3 elf skeletons (D:6)
  A scorpion (D:5)
  4 killer bees (D:7)
  5 wights (D:8)
  2 crimson imps
  A human zombie (D:6)
  2 hounds (D:4)
  4 orc priests
  A human skeleton (D:6)
  Ijyb (D:3)
  8 orc wizards
  3 worker ants
  A killer bee zombie (D:8)
  A big kobold zombie (Ossuary)
  A hound skeleton (D:8)
  8 mummies (Ossuary)
  7 adders
  8 gnolls
  A shadow imp (D:8)
  An ooze (D:2)
  An adder zombie (D:5)
  2 adder skeletons
  A worm (D:4)
  2 dart slugs (D:1)
  4 leopard geckos
  39 orcs
  A ball python (D:4)
  7 bats
  6 giant cockroaches
  2 gnoll zombies (Ossuary)
  6 goblins
  8 hobgoblins
  10 jackals
  16 kobolds
  2 frilled lizards
  3 hobgoblin zombies (Ossuary)
  A jackal zombie (D:6)
  3 orc zombies
  4 rats
208 creatures vanquished.

Notes
Turn   | Place    | Note
-------+----------+-------------------------------------------
     0 | D:1      | Kidiri the Troll Monk began the quest for the Orb.
     0 | D:1      | Reached XP level 1. HP: 22/22 MP: 0/0
    92 | D:1      | Reached XP level 2. HP: 29/29 MP: 1/1
   765 | D:2      | Reached XP level 3. HP: 36/36 MP: 2/2
  1114 | D:2      | Reached XP level 4. HP: 38/45 MP: 3/3
  1115 | D:2      | Reached skill level 4 in Unarmed Combat
  1566 | D:3      | Found a glowing golden altar of the Shining One.
  1639 | D:3      | Noticed a big kobold
  1695 | D:3      | Found a snail-covered altar of Cheibriados.
  1696 | D:3      | Noticed Ijyb
  1708 | D:3      | Killed Ijyb
  1769 | D:3      | Reached XP level 5. HP: 53/53 MP: 4/4
  1948 | D:4      | Reached skill level 5 in Unarmed Combat
  1962 | D:4      | Reached XP level 6. HP: 38/61 MP: 5/5
  2298 | D:4      | Noticed an orc warrior
  2317 | D:4      | Killed an orc warrior
  2317 | D:4      | Reached skill level 6 in Unarmed Combat
  2317 | D:4      | Reached XP level 7. HP: 41/67 MP: 6/6
  2457 | D:4      | Noticed Grinder
  2468 | D:4      | Killed Grinder
  2468 | D:4      | Reached skill level 7 in Unarmed Combat
  3062 | D:3      | Became a worshipper of the Shining One
  3062 | D:3      | Reached * piety under the Shining One
  3062 | D:3      | Reached ** piety under the Shining One
  3156 | D:5      | Entered Level 5 of the Dungeon
  3207 | D:5      | Reached XP level 8. HP: 76/76 MP: 7/7
  3258 | D:5      | Reached skill level 8 in Unarmed Combat
  3330 | D:5      | Found a glowing golden altar of the Shining One.
  3359 | D:5      | Found a staircase to the Ecumenical Temple.
  3618 | Temple   | Entered the Ecumenical Temple
  3808 | D:6      | Found a basalt altar of Yredelemnul.
  3811 | D:6      | Noticed Menkaure
  3831 | D:6      | Killed Menkaure
  3892 | D:6      | Found a sand-covered staircase.
  3900 | Ossuary  | Entered an ossuary
  3934 | Ossuary  | Reached skill level 9 in Unarmed Combat
  3936 | Ossuary  | Reached *** piety under the Shining One
  4134 | D:6      | Noticed Prince Ribbit
  4155 | D:6      | Killed Prince Ribbit
  4518 | D:6      | Reached XP level 9. HP: 51/84 MP: 8/8
  4791 | D:6      | Reached skill level 5 in Dodging
  4791 | D:6      | Reached skill level 10 in Unarmed Combat
  5091 | D:7      | Found Ryetal's Weapon Emporium.
  5263 | D:7      | Found a white marble altar of Elyvilon.
  5264 | D:7      | Found a sparkling altar of Nemelex Xobeh.
  5486 | D:7      | Reached **** piety under the Shining One
  5627 | D:8      | Reached skill level 11 in Unarmed Combat
  5699 | D:8      | Noticed a two-headed ogre
  5710 | D:8      | Killed a two-headed ogre
  5967 | D:8      | Reached XP level 10. HP: 91/92 MP: 9/9
  6103 | D:8      | Noticed a two-headed ogre
  6109 | D:8      | Killed a two-headed ogre
  6109 | D:8      | Reached skill level 12 in Unarmed Combat
  6600 | D:9      | Noticed Grum
  6606 | D:9      | Noticed Psyche
  6610 | D:9      | Noticed a two-headed ogre
  6613 | D:9      | HP: 4/92 [killer bee (4)]
  6614 | D:9      | Mangled by a wight

Illustrated notes

Levels and vault maps discovered:
D:1:      lightli_arrival_boilingwater, layout_basic, interstate_on_off,
          minmay_misc_feat_roman, minmay_fountain_box
D:2:      layout_rooms, first_ration, kennysheep_cross_room
D:3:      cheibrodos_thug_alley, layout_rooms, nicolae_overflow_hidden_temple,
          overflow_temple_1_default, hangedman_abyss_or_decor_stabs,
          minmay_misc_feat_alley, uniq_ijyb
D:4:      layout_basic, cheibrodos_gnoll_hut, uniq_grinder
D:5:      layout_rooms, minmay_temple_entry_glass, tso_altar
D:6:      layout_basic, basic_altar, nicolae_ossuary_entry_catacombs,
          chequers_serial_rivers_large_a, nrook_uturn, uniq_prince_ribbit1,
          uniq_menkaure
D:7:      layout_gridville, gammafunk_temple_overflow_statue, serial_shops,
          shop, hangedman_glass_teeth
D:8:      layout_loops_corners
D:9:      layout_big_octagon, kennysheep_mini_moat, old_standard_altar,
          uniq_grum, uniq_pikel, uniq_psyche
Temple:   compressed_dpeg_circular_temple

Skill      XL: |  1  2  3  4  5  6  7  8  9 10 |
---------------+-------------------------------+-----
Fighting       | 3 4 |  4.1
Dodging        | 3 4 5 6 |  6.0
Unarmed Combat | 4 5 6 7 9 11 12 | 12.6
Stealth        | 2 |  2.9
Invocations    | |  0.6

Action                   |  1- 3 |  4- 6 |  7- 9 | 10-12 || total
-------------------------+-------+-------+-------+-------++-------
Melee: Unarmed           |   116 |   194 |   271 |    53 ||   634
       Punch             |     1 |     1 |    14 |       ||    16
Invok: Divine Shield     |       |       |     2 |       ||     2
Evoke: Wand              |       |       |       |     1 ||     1
  Use: Scroll            |     3 |     3 |     4 |     2 ||    12
       Potion            |       |     1 |     2 |       ||     3
 Stab: Sleeping          |     3 |     1 |     1 |       ||     5
  Eat: Chunk             |    16 |    11 |    33 |     5 ||    65
Armor: Robe              |    37 |    34 |    45 |    11 ||   127
       Skin              |       |     4 |       |       ||     4
Dodge: Dodged            |    68 |   110 |   169 |    44 ||   391
Block: Other             |       |       |     6 |       ||     6

Table legend:
 A = Non-vault XP
 B = Vault XP
 C = Vault XP percentage of total XP
 D = Non-vault monster count
 E = Vault monster count
 F = Vault count percentage of total count
                 A         B        C        D         E       F
            +---------+---------+-------+---------+---------+-------
      Total |    5847 |    1718 |  22.7 |     168 |      40 |  19.2
            +---------+---------+-------+---------+---------+-------
        D:1 |      34 |       0 |   0.0 |      17 |       0 |   0.0
        D:2 |      98 |       0 |   0.0 |      21 |       0 |   0.0
        D:3 |      34 |     149 |  81.4 |      15 |      10 |  40.0
        D:4 |     677 |     363 |  34.9 |      37 |       4 |   9.8
        D:5 |     391 |       0 |   0.0 |       9 |       0 |   0.0
        D:6 |     526 |     792 |  60.1 |      17 |       8 |  32.0
        D:7 |     878 |       0 |   0.0 |      19 |       0 |   0.0
        D:8 |    3209 |       0 |   0.0 |      33 |       0 |   0.0
        D:9 |       0 |     237 | 100.0 |       0 |       2 | 100.0
    Ossuary |       0 |     177 | 100.0 |       0 |      16 | 100.0
            +---------+---------+-------+---------+---------+-------
